 Dungeon Crawl Stone Soup version 0.31-a0-182-gc5ef74bbde (webtiles) character file.

Game seed: 3141229682639718298

3018 2FriedEggs the Prestidigitator (level 9, -4/68 HPs)
             Began as a Gnoll Artificer on June 21, 2023.
             Was a Believer of Vehumet.
             Killed from afar by an acid dragon (34 damage)
             ... with a splash of acid
             ... on level 8 of the Dungeon.
             The game lasted 00:22:45 (7989 turns).

2FriedEggs the Prestidigitator (Gnoll Artificer)    Turns: 7989, Time: 00:22:46

Health: -4/68      AC:  7    Str: 12    XL:     9   Next: 85%
Magic:  16/16      EV: 12    Int: 14    God:    Vehumet [**....]
Gold:   384        SH:  0    Dex: 13    Spells: 14/17 levels left

rFire   . . .        B - +10 flail "Arbiter" {speed, rPois Will+++}
rCold   . . .        (no shield)
rNeg    . . .        u - +0 ring mail
rPois   +            C - +2 hat
rElec   .            (no cloak)
rCorr   .            q - +0 pair of gloves
SInv    .            A - +0 pair of boots
Will    ++++.        (no amulet)
Stlth   ++           G - ring of willpower
HPRegen 0.31/turn    H - ring of flight
MPRegen 0.15/turn

%: no passive effects
@: corroded, flying, studying Unarmed Combat
A: fangs 1, strong nose, distributed training
a: Renounce Religion


You were on level 8 of the Dungeon.
You worshipped Vehumet.
Vehumet was pleased with you.
You visited 1 branch of the dungeon, and saw 8 of its levels.

You collected 384 gold pieces.

Inventory:

Hand Weapons
 i - a +2 dagger of speed
 x - a +2 hand axe of electrocution
 z - the +6 flail of the Thing {heavy, rC++}
   (You found it on level 3 of the Dungeon)

   rC:        It greatly protects you from cold.
 B - the +10 flail "Arbiter" (weapon) {speed, rPois Will+++}
   (You found it on level 3 of the Dungeon)

   rPois:     It protects you from poison.
   Will:      It greatly increases your willpower.
Missiles
 J - 3 javelins
Armour
 q - a +0 pair of gloves (worn)
 u - a +0 ring mail (worn)
 A - a +0 pair of boots (worn)
 C - a +2 hat (worn)
Magical Staves
 D - a staff of fire
Jewellery
 G - a ring of willpower (left hand)
 H - a ring of flight (right hand)
Wands
 c - a wand of flame (15) (quivered)
 d - a wand of charming (15)
 e - a wand of iceblast (4)
 o - a wand of paralysis (4)
 t - a wand of acid (5)
Scrolls
 a - a scroll of vulnerability
 b - 2 scrolls of teleportation
 j - 2 scrolls of torment
 l - a scroll of poison
 r - a scroll of immolation
 v - 2 scrolls of identify
 y - a scroll of amnesia
 I - a scroll of acquirement
Potions
 f - 3 potions of curing
 g - 2 potions of haste {unknown}
 h - 3 potions of lignification {unknown}
 k - 2 potions of berserk rage {unknown}
 m - a potion of might {unknown}
 n - a potion of invisibility {unknown}
 p - 2 potions of resistance {unknown}
 s - a potion of magic {unknown}
 w - 4 potions of degeneration {unknown}
 E - a potion of enlightenment {unknown}
 F - a potion of heal wounds {unknown}


   Skills:
 + Level 5.5 Fighting
 + Level 4.8 Short Blades
 + Level 4.8 Long Blades
 + Level 4.8 Axes
 + Level 4.8 Maces & Flails
 + Level 4.8 Polearms
 + Level 4.8 Staves
 + Level 4.8 Ranged Weapons
 + Level 4.8 Throwing
 + Level 6.7 Armour
 + Level 5.5 Dodging
 + Level 5.4 Stealth
 + Level 4.8 Shields
 + Level 6.5 Unarmed Combat
 + Level 4.8 Spellcasting
 + Level 4.0 Conjurations
 + Level 4.0 Hexes
 + Level 4.0 Summonings
 + Level 4.0 Necromancy
 + Level 4.0 Translocations
 + Level 4.0 Transmutations
 + Level 4.0 Fire Magic
 + Level 4.0 Ice Magic
 + Level 4.0 Air Magic
 + Level 4.0 Earth Magic
 + Level 4.0 Poison Magic
 + Level 5.3 Invocations
 + Level 8.2 Evocations


You had 14 spell levels left.
You knew the following spells:

 Your Spells              Type           Power      Damage    Failure   Level
a - Poisonous Vapours     Pois/Air       28%        N/A       11%         2
b - Shock                 Conj/Air       56%        1d6       7%          1

Your spell library contained the following spells:

 Spells                   Type           Power      Damage    Failure   Level
 Apportation              Tloc           28%        N/A       7%          1
 Magic Dart               Conj           56%        1d5       7%          1
 Necrotise                Necr           56%        1d6       7%          1
 Sandblast                Erth           28%        2d8       7%          1
 Summon Small Mammal      Summ           56%        N/A       7%          1
 Call Imp                 Summ           28%        N/A       11%         2
 Passwall                 Tmut/Erth      11%        N/A       11%         2
 Mephitic Cloud           Conj/Pois/Air  14%        N/A       22%         3
 Stone Arrow              Conj/Erth      28%        3d8       22%         3
 Volatile Blastmotes      Fire/Tloc      28%        2d12      22%         3
 Fulminant Prism          Conj/Hex       7%         3d7       56%         4
 Iskenderun's Mystic Bla  Conj/Tloc      14%        2d5       56%         4
 Lee's Rapid Deconstruct  Erth           7%         3d6*      89%         5


Dungeon Overview and Level Annotations

Branches:
Dungeon (8/15)             Temple (0/1) D:5
   Lair: D:8-11

Altars:
Dithmenos
Gozag
Qazlal
Sif Muna
Vehumet

Shops:
D:2 !


Innate Abilities, Weirdness & Mutations

You have very sharp teeth.
Your uncanny sense of smell can sniff out nearby items.
Your experience applies equally to all skills.


Message History

Your Conjurations skill increases to level 4!
Your Hexes skill increases to level 4!
Your Summonings skill increases to level 4!
Your Necromancy skill increases to level 4!
Your Translocations skill increases to level 4!
Your Transmutations skill increases to level 4!
Your Fire Magic skill increases to level 4!
Your Ice Magic skill increases to level 4!
Your Air Magic skill increases to level 4!
Your Earth Magic skill increases to level 4!
Your Poison Magic skill increases to level 4!
You sock the wight! Your punch misses the wight.
The wight is almost destroyed.
You thump the wight!
You destroy the wight!
Vehumet accepts your kill.
Items here: )) [[.
No target in view!
No target in view!
You reach down and open the door.
There is an open door here.
Found a stone staircase leading down.
An acid dragon comes into view.
An acid dragon is nearby!
An acid dragon is nearby!
The acid dragon roars!
There is a stone staircase leading down here.
The acid dragon spits acid at you. The splash of acid hits you!!
The acid corrodes you! The acid dragon spits acid at you.
The splash of acid hits you!
You closely miss the acid dragon. Your bite misses the acid dragon.
The acid dragon bites you! The acid dragon barely misses you.
You are too injured to fight recklessly!
You are too injured to fight recklessly!
You hit the acid dragon but do no damage.
The acid dragon spits acid at you. The splash of acid hits you!!
Ouch! That really hurt!
You die...

.......................#.#..##.##
..).......................<.#^..#
...........)...........#.#......#
.##+################...#.#.....##
.# ..........#...#..)#..## .#
..........#...##.....### .#
#######>#.#...##.###....
∆........#.#...##.# #####
###+#..@#.#...##.# #..D#.'...##.#
#...#.#...##.# #...#.#...##.#
#...#.#...##)# #...#.#...##.#
#...#.#...##.# #...#.#...##.#
#.#...##.#


You could see an acid dragon (catching breath).

Vanquished Creatures
  A troll (D:4)
  Grinder (D:4)
  Sigmund (D:5)
  2 sky beasts
  A black bear (D:7)
  3 ogres
  3 kobold brigands
  A bullfrog (D:7)
  5 scorpions
  12 wights
  3 killer bees (D:7)
  2 hounds
  2 orc priests (D:6)
  A gnoll bouda (D:4)
  A sleepcap (D:7)
  4 iguanas
  Natasha (twice) (D:2)
  An orc wizard (D:6)
  10 gnolls
  4 adders
  2 shadow imps
  2 white imps
  2 worms
  3 dart slugs
  16 orcs
  3 bats
  6 endoplasms
  3 giant cockroaches
  7 goblins
  6 hobgoblins
  10 jackals
  5 quokkas
  5 ball pythons
  4 frilled lizards
  22 kobolds
156 creatures vanquished.

Notes
Turn   | Place    | Note
-------+----------+-------------------------------------------
     0 | D:1      | 2FriedEggs the Gnoll Artificer began the quest for the Orb.
     0 | D:1      | Reached XP level 1. HP: 17/17 MP: 1/1
   227 | D:1      | Reached XP level 2. HP: 22/23 MP: 2/2
   910 | D:1      | Reached XP level 3. HP: 24/28 MP: 3/3
  1047 | D:2      | Found Ciocoemp's Distillery.
  1047 | D:2      | You fall into a shaft and drop 2 floors!
  1212 | D:4      | Noticed a scorpion
  1215 | D:4      | Killed a scorpion
  1216 | D:4      | Reached skill level 1 in Short Blades
  1216 | D:4      | Reached skill level 1 in Long Blades
  1216 | D:4      | Reached skill level 1 in Axes
  1216 | D:4      | Reached skill level 1 in Maces & Flails
  1216 | D:4      | Reached skill level 1 in Polearms
  1216 | D:4      | Reached skill level 1 in Staves
  1216 | D:4      | Reached skill level 1 in Ranged Weapons
  1216 | D:4      | Reached skill level 1 in Throwing
  1216 | D:4      | Reached skill level 1 in Shields
  1216 | D:4      | Reached skill level 1 in Unarmed Combat
  1216 | D:4      | Reached skill level 1 in Spellcasting
  1216 | D:4      | Reached skill level 1 in Conjurations
  1216 | D:4      | Reached skill level 1 in Hexes
  1216 | D:4      | Reached skill level 1 in Summonings
  1216 | D:4      | Reached skill level 1 in Necromancy
  1216 | D:4      | Reached skill level 1 in Translocations
  1216 | D:4      | Reached skill level 1 in Transmutations
  1216 | D:4      | Reached skill level 1 in Fire Magic
  1216 | D:4      | Reached skill level 1 in Ice Magic
  1216 | D:4      | Reached skill level 1 in Air Magic
  1216 | D:4      | Reached skill level 1 in Earth Magic
  1216 | D:4      | Reached skill level 1 in Poison Magic
  1216 | D:4      | Reached skill level 1 in Invocations
  1216 | D:4      | Reached XP level 4. HP: 34/34 MP: 3/5
  1253 | D:4      | Noticed Grinder
  1272 | D:4      | Killed Grinder
  1273 | D:4      | Reached skill level 5 in Armour
  1273 | D:4      | Reached XP level 5. HP: 41/41 MP: 5/8
  1273 | D:4      | Reached XP level 6. HP: 47/47 MP: 5/9
  1447 | D:2      | Noticed Natasha
  1467 | D:2      | Killed Natasha
  1665 | D:2      | Noticed Natasha
  1728 | D:2      | Killed Natasha
  2346 | D:3      | Found a radiant altar of Vehumet.
  2402 | D:3      | Became a worshipper of Vehumet
  2427 | D:3      | Identified the +6 flail of the Thing {heavy, rC++}
  2507 | D:3      | Identified the +10 flail "Arbiter" {speed, rPois Will+++}
  2735 | D:3      | Found a faded altar of an unknown god.
  3135 | D:4      | Reached skill level 7 in Evocations
  3135 | D:4      | Reached XP level 7. HP: 45/52 MP: 10/10
  3530 | D:4      | Reached * piety under Vehumet
  3530 | D:4      | Offered knowledge of Shock by Vehumet.
  3538 | D:4      | Learned a level 1 spell: Shock
  3877 | D:4      | Found a shimmering blue altar of Sif Muna.
  4219 | D:5      | Entered Level 5 of the Dungeon
  4219 | D:5      | Noticed a troll
  4233 | D:4      | Killed a troll
  4357 | D:5      | Reached XP level 8. HP: 59/60 MP: 12/12
  4401 | D:5      | Noticed Sigmund
  4411 | D:5      | Killed Sigmund
  4601 | D:5      | Found a staircase to the Ecumenical Temple.
  5303 | D:5      | Noticed a rust devil
  5303 | D:5      | Noticed a rust devil
  5408 | D:6      | Found a stormy altar of Qazlal.
  5419 | D:6      | Offered knowledge of Poisonous Vapours by Vehumet.
  5423 | D:6      | Learned a level 2 spell: Poisonous Vapours
  5694 | D:6      | Found a shadowy altar of Dithmenos.
  5704 | D:6      | Reached ** piety under Vehumet
  5712 | D:6      | Reached skill level 5 in Unarmed Combat
  5920 | D:6      | Found an opulent altar of Gozag.
  5939 | D:6      | Reached XP level 9. HP: 66/66 MP: 1/14
  6661 | D:7      | Reached skill level 5 in Fighting
  6661 | D:7      | Reached skill level 5 in Dodging
  6866 | D:7      | Identified a scroll of acquirement
  6940 | D:7      | Reached skill level 5 in Stealth
  7158 | D:7      | Reached skill level 8 in Evocations
  7298 | D:7      | Reached skill level 5 in Invocations
  7989 | D:8      | Killed from afar by an acid dragon

Illustrated notes

Levels and vault maps discovered:
D:1:      dpeg_arrival_boxes_within_box, layout_basic
D:2:      layout_basic, serial_shops, shop, chequers_serial_rivers_small_a,
          uniq_natasha
D:3:      layout_rooms, vehumet_crystals, chequers_ecumenical_altar_grove,
          chequers_serial_rivers_micro_e, chequers_serial_rivers_marsh,
          corexii_hall_statues_t, eino_curves_04,
          amcnicky_mini_rare_corridor_liquid, hangedman_abyss_or_decor_stabs,
          dk_vineyard_1, st_stairs_5, minmay_misc_feat_pillars,
          chequers_serial_rivers_large_b
D:4:      minmay_general_purpose_star, layout_gridville,
          mainiacjoe_overflow_boulevard, roderic_serpentine_path, uniq_grinder
D:5:      cheibrodos_iron_armory, layout_loops_ring, minmay_temple_entry_arrows,
          uniq_sigmund
D:6:      layout_basic, nicolae_qazlal_beasts_of_the_sky,
          mainiacjoe_overflow_catwalk_spiral
D:7:      layout_basic, kennysheep_pointless_box
D:8:      layout_basic, kennysheep_crisscross

Skill      XL: |  1  2  3  4  5  6  7  8  9 |
---------------+----------------------------+-----
Short Blades   | 1 2 3 4 |  4.8
Long Blades    | 1 2 3 4 |  4.8
Axes           | 1 2 3 4 |  4.8
Maces & Flails | 1 2 3 4 |  4.8
Polearms       | 1 2 3 4 |  4.8
Staves         | 1 2 3 4 |  4.8
Ranged Weapons | 1 2 3 4 |  4.8
Throwing       | 1 2 3 4 |  4.8
Shields        | 1 2 3 4 |  4.8
Unarmed Combat | 1 2 3 5 6 |  6.5
Spellcasting   | 1 2 3 4 |  4.8
Conjurations   | 1 2 3 4 |  4.0
Hexes          | 1 2 3 4 |  4.0
Summonings     | 1 2 3 4 |  4.0
Necromancy     | 1 2 3 4 |  4.0
Translocations | 1 2 3 4 |  4.0
Transmutations | 1 2 3 4 |  4.0
Fire Magic     | 1 2 3 4 |  4.0
Ice Magic      | 1 2 3 4 |  4.0
Air Magic      | 1 2 3 4 |  4.0
Earth Magic    | 1 2 3 4 |  4.0
Poison Magic   | 1 2 3 4 |  4.0
Invocations    | 1 2 3 4 5 |  5.3
Fighting       | 3 4 5 |  5.5
Armour         | 5 6 |  6.7
Dodging        | 3 4 5 |  5.5
Stealth        | 3 4 5 |  5.4
Evocations     | 7 8 |  8.2

Action                     |  1- 3 |  4- 6 |  7- 9 || total
---------------------------+-------+-------+-------++-------
  Melee: Club              |    17 |       |       ||    17
         Dagger            |    54 |    98 |       ||   152
         Bite              |     6 |    11 |    23 ||    40
         Flail             |       |    29 |   254 ||   283
         Hand axe          |       |    11 |       ||    11
         Punch             |       |     1 |     6 ||     7
   Cast: Shock             |       |       |    20 ||    20
         Poisonous Vapours |       |       |    35 ||    35
  Evoke: Wand              |     1 |     1 |     8 ||    10
    Use: Potion            |       |       |     1 ||     1
         Scroll            |       |       |     9 ||     9
   Stab: Sleeping          |     3 |     2 |     4 ||     9
         Paralysed         |     2 |     4 |     8 ||    14
 Armour: Leather armour    |    20 |     4 |       ||    24
         Ring mail         |       |    17 |    81 ||    98
  Dodge: Dodged            |    43 |    60 |   142 ||   245

Table legend: (Time is in decaauts)
 A = Elapsed time spent in this place.
 B = Non-inter-level travel time spent in this place.
 C = Inter-level travel time spent in this place.
 D = Time resting spent in this place.
 E = Time spent auto-exploring this place.
 F = Levels seen in this place.
 G = Mean time per level.
                   A        B        C        D        E       F      G
               +--------+--------+--------+--------+--------+-----+--------+
         Total |   7946 |   7709 |    237 |    914 |   5291 |   8 |  993.2 |
       Dungeon |   7946 |   7709 |    237 |    914 |   5291 |   8 |  993.2 |
               +--------+--------+--------+--------+--------+-----+--------+

Top non-repeatable levels by time:
     D:4: 1615 daAuts
     D:6: 1421 daAuts
     D:7: 1197 daAuts
     D:1: 1033 daAuts
     D:3: 947 daAuts
     D:2: 723 daAuts
     D:5: 723 daAuts
     D:8: 283 daAuts
